 Dungeon Crawl Stone Soup version 0.31-a0-8-gd14b0f4ee2 (webtiles) character file.

Game seed: 15175927264868885679

381 CowFu the Trooper (level 6, 0/52 HPs)
             Began as a Demonspawn Fighter on May 6, 2023.
             Was a Believer of Nemelex Xobeh.
             Slain by a gnoll
             ... wielding a +0 spear of venom
              (2 damage)
             ... on level 3 of the Dungeon.
             The game lasted 00:05:44 (3307 turns).

CowFu the Trooper (Demonspawn Fighter)              Turns: 3307, Time: 00:05:44

Health: 0/52       AC:  7    Str: 19    XL:     6   Next: 46%
Magic:  9/9        EV:  9    Int:  9    God:    Nemelex Xobeh [**....]
Gold:   142        SH:  4    Dex: 12    Spells: 5/5 levels left

rFire   + . .        a - +0 long sword
rCold   + . .        c - +0 buckler
rNeg    . . .        m - +0 scale mail
rPois   .            (no helmet)
rElec   .            (no cloak)
rCorr   .            (no gloves)
SInv    .            q - +0 pair of boots
Will    .....        (no amulet) Stlth
                     i - ring of protection from fire
HPRegen 0.28/turn    t - ring "Wynemnip" {Wiz rC+}
MPRegen 0.11/turn

%: wizardry (x1)
@: invisible
A: claws 1, demonic magic 1
a: Renounce Religion, Draw Escape, Draw Destruction, Draw Summoning


You were on level 3 of the Dungeon.
You worshipped Nemelex Xobeh.
Nemelex Xobeh was pleased with you.
You visited 1 branch of the dungeon, and saw 3 of its levels.

You collected 142 gold pieces.

Inventory:

Hand Weapons
 a - a +0 long sword (weapon)
 b - a +1 short sword of draining
Armour
 c - a +0 buckler (worn)
 m - a +0 scale mail (worn)
 q - a +0 pair of boots (worn)
Jewellery
 i - a ring of protection from fire (left claw)
 j - a ring of fire
 t - the ring "Wynemnip" (right claw) {Wiz rC+}
   (You found it on level 3 of the Dungeon)

   [ring of wizardry]

   It improves your spell success rate.
   rC:        It protects you from cold.
Scrolls
 e - a scroll of vulnerability {unknown}
 f - a scroll of identify
 g - 3 scrolls of teleportation {unknown}
 h - 3 scrolls of noise {unknown}
 n - a scroll of blinking {unknown}
 o - 2 scrolls of enchant weapon {unknown}
 s - a scroll of fear {unknown}
 u - a scroll of magic mapping {unknown}
Potions
 d - a potion of might
 l - a potion of resistance


   Skills:
 - Level 6.0 Fighting
 - Level 1.7 Long Blades
 - Level 2.6 Armour
 - Level 2.6 Shields
 + Level 1.5 Unarmed Combat
 + Level 4.6 Invocations


You had 5 spell levels left.
You didn't know any spells.
Your spell library was empty.

Dungeon Overview and Level Annotations

Branches:
Dungeon (3/15)

Altars:
Cheibriados
Nemelex Xobeh
Sif Muna
Vehumet

Annotations:
D:3 3 runed translucent doors, BlasphemerAmon's ghost, amateur HOFi; OldManVictorn's ghost, weakling GnDe; mistaj's ghost, amateur VSFi


Innate Abilities, Weirdness & Mutations

You have sharp fingernails.
Spells you cast may paralyse adjacent enemies.


Message History

You are too injured to fight recklessly!
You are too injured to fight recklessly!
You draw a card...
You have drawn Velocity.
The gnoll seems to slow down.
* * * LOW HITPOINT WARNING * * *
You feel very sick.
The gnoll hits you from afar with a +0 spear of venom.
* * * LOW HITPOINT WARNING * * *
You are more poisoned.
You feel much better.
You feel extremely sick. The gnoll hits you but does no damage.
The gnoll hits you from afar with a +0 spear of venom.
You are more poisoned.
The gnoll hits you with a +0 flail.
* * * LOW HITPOINT WARNING * * *
It was a potion of curing.
You feel better. You block the gnoll's attack.
The gnoll hits you but does no damage.
The gnoll hits you from afar with a +0 spear of venom.
* * * LOW HITPOINT WARNING * * *
You are poisoned.
The gnoll hits you with a +0 flail!
* * * LOW HITPOINT WARNING * * *
It was a potion of invisibility.
You fade into invisibility!
* * * LOW HITPOINT WARNING * * *
You feel very sick. You block the gnoll's attack. The gnoll barely misses you.
You feel better. You block the gnoll's attack. The gnoll closely misses you.
The gnoll hits you from afar with a +0 spear of venom.
* * * LOW HITPOINT WARNING * * *
The gnoll hits you with a +0 flail.
* * * LOW HITPOINT WARNING * * *
Okay, then.
Okay, then.
You draw a card...
You have drawn the Tomb.
Walls emerge from the floor!
The gnoll hits you from afar with a +0 spear.
* * * LOW HITPOINT WARNING * * *
The gnoll hits you from afar with a +0 spear of venom.
You die...
Your body glows slightly and disappears. ################ #..............# #..............) #+##...........)..# #......########.... ####...# #.... #g@#...########.... #g##............)(# #gg

#.............(' #≈≈≈≈≈≈≈≈≈#$$
#............))# #≈≈≈≈≈≈≈≈≈#$$
################
#≈≈≈≈≈≈≈≈≈#####≈≈≈≈≈≈≈≈≈≈≈≈≈≈≈
#≈≈≈≈≈≈≈≈≈≈≈≈~~≈≈≈≈≈≈≈≈≈≈≈≈≈≈~
#~~~~~~~~~~~~~~~~~~~~~~~~~~~~~
#~~~.~....~~~.~~.~~..~~~~~~~.~


You could see 4 gnolls.

Vanquished Creatures
  A kobold brigand (D:3)
  7 adders
  3 gnolls (D:3)
  2 adder skeletons (D:3)
  An adder zombie (D:3)
  A worm (D:2)
  2 dart slugs
  8 ball pythons
  8 endoplasms
  3 giant cockroaches (D:1)
  4 goblins (D:1)
  10 hobgoblins
  2 jackals (D:2)
  23 kobolds
  3 quokkas
  A ball python skeleton (D:3)
  7 bats
  3 frilled lizards
  5 rats
94 creatures vanquished.

Vanquished Creatures (collateral kills)
  A kobold brigand (D:3)
  3 gnolls (D:3)
  A dart slug (D:3)
  An orc (D:3)
  An endoplasm (D:3)
  11 kobolds (D:3)
18 creatures vanquished.

Vanquished Creatures (others)
  A withered plant (D:3)
1 creature vanquished.

Grand Total: 113 creatures vanquished

Notes
Turn   | Place    | Note
-------+----------+-------------------------------------------
     0 | D:1      | CowFu the Demonspawn Fighter began the quest for the Orb.
     0 | D:1      | Reached XP level 1. HP: 18/18 MP: 1/1
   163 | D:1      | Gained mutation: Spells you cast may paralyse adjacent
                  | enemies. [demonic ancestry]
   163 | D:1      | Reached XP level 2. HP: 21/24 MP: 2/2
   337 | D:1      | Reached skill level 4 in Fighting
   435 | D:1      | Reached XP level 3. HP: 30/30 MP: 3/3
  1307 | D:2      | Found a faded altar of an unknown god.
  1341 | D:2      | Prayed at the altar of an unknown god.
  1341 | D:2      | Became a worshipper of Nemelex Xobeh the Trickster
  1341 | D:2      | Reached * piety under Nemelex Xobeh
  1341 | D:2      | Received a gift from Nemelex Xobeh
  1384 | D:2      | Reached skill level 5 in Fighting
  1384 | D:2      | Reached XP level 4. HP: 20/38 MP: 4/4
  2029 | D:3      | Found a snail-covered altar of Cheibriados.
  2033 | D:3      | Found a radiant altar of Vehumet.
  2091 | D:3      | Received a gift from Nemelex Xobeh
  2543 | D:3      | Reached XP level 5. HP: 46/46 MP: 5/5
  2564 | D:3      | Reached ** piety under Nemelex Xobeh
  2567 | D:3      | Found a shimmering blue altar of Sif Muna.
  2842 | D:3      | Found a runed translucent gate.
  2842 | D:3      | Found a runed translucent gate.
  2843 | D:3      | Found a runed translucent gate.
  2844 | D:3      | Noticed BlasphemerAmon's ghost (amateur HOFi)
  2844 | D:3      | Noticed mistaj's ghost (amateur VSFi)
  2844 | D:3      | Noticed OldManVictorn's ghost (weakling GnDe)
  2878 | D:3      | Reached skill level 6 in Fighting
  2923 | D:3      | Reached skill level 1 in Invocations
  2971 | D:3      | Gained mutation: You have sharp fingernails. [demonic
                  | ancestry]
  2971 | D:3      | Reached XP level 6. HP: 34/52 MP: 5/8
  2971 | D:3      | Received a gift from Nemelex Xobeh
  2984 | D:3      | Identified the ring "Wynemnip" {Wiz rC+}
  3065 | D:3      | Reached skill level 1 in Unarmed Combat
  3307 | D:3      | HP: 2/52 [gnoll/+0 spear (1)]
  3307 | D:3      | Slain by a gnoll

Illustrated notes

Levels and vault maps discovered:
D:1:      spicycebolla_green_bress_n_ham, layout_loops_corners, st_stairs_1,
          minmay_tromino_v4_a
D:2:      layout_basic, shapermc_ecumenical_altar_pompeii
D:3:      minmay_goblin_kobold_castle, layout_basic, led_sif_book,
          nicolae_overflow_hidden_temple, serial_undead, serial_undead_e,
          serial_undead_c, serial_undead_e, serial_undead_b,
          gammafunk_ghost_cemetery

Skill      XL: |  1  2  3  4  5  6 |
---------------+-------------------+-----
Fighting       | 4 5 6 |  6.0
Invocations    | 3 4 |  4.6
Unarmed Combat | 1 |  1.5
Long Blades    | |  1.7
Armour         | |  2.6
Shields        | |  2.6

Action                     |  1- 3 |  4- 6 || total
---------------------------+-------+-------++-------
  Melee: Long sword        |   151 |   177 ||   328
 Invoke: Draw Summoning    |       |     3 ||     3
         Draw Destruction  |       |     3 ||     3
         Draw Escape       |       |     2 ||     2
    Use: Scroll            |       |     2 ||     2
         Potion            |       |     4 ||     4
 Armour: Scale mail        |    68 |   120 ||   188
  Dodge: Dodged            |    61 |   131 ||   192
  Block: Buckler           |    38 |    67 ||   105

Table legend: (Time is in decaauts)
 A = Elapsed time spent in this place.
 B = Non-inter-level travel time spent in this place.
 C = Inter-level travel time spent in this place.
 D = Time resting spent in this place.
 E = Time spent auto-exploring this place.
 F = Levels seen in this place.
 G = Mean time per level.
                   A        B        C        D        E       F      G
               +--------+--------+--------+--------+--------+-----+--------+
         Total |   3419 |   3329 |     90 |      0 |   2492 |   3 | 1139.7 |
       Dungeon |   3419 |   3329 |     90 |      0 |   2492 |   3 | 1139.7 |
               +--------+--------+--------+--------+--------+-----+--------+

Top non-repeatable levels by time:
     D:3: 1342 daAuts
     D:2: 1047 daAuts
     D:1: 1029 daAuts
